 Dungeon Crawl Stone Soup version 0.30-a0-371-gad7725a93e (webtiles) character file.

Game seed: 9080351357843163333

280 purpskrrrp the Shooter (level 6, -1/48 HPs)
             Began as a Formicid Hunter on Nov 23, 2022.
             Slain by a gnoll
             ... wielding a +0 spear
              (4 damage)
             ... on level 3 of the Dungeon.
             The game lasted 00:05:03 (2027 turns).

purpskrrrp the Shooter (Formicid Hunter)            Turns: 2027, Time: 00:05:04

Health: -1/48      AC:  7    Str: 16    XL:     6   Next: 52%
Magic:  6/6        EV: 13    Int:  8    God:
Gold:   188        SH:  0    Dex: 19    Spells: 5/5 levels left

rFire   . . .      SeeInvis +    a - +0 shortbow
rCold   + . .      Faith    .    (no shield)
rNeg    . . .      Spirit   .    c - +1 leather armour
rPois   .          Reflect  .    (helmet unavailable)
rElec   .          Harm     .    d - +2 cloak
rCorr   .          Rampage  .    (no gloves)
Will    .....                    (no boots)
Stlth   +++.......               (no amulet)
HPRegen 0.28/turn                j - ring of protection from cold
MPRegen 0.10/turn                (no ring)

@: flying
A: permanent stasis, dig shafts and tunnels, antennae 3, four strong arms
a: Dig, Shaft Self


You were on level 3 of the Dungeon.
You visited 1 branch of the dungeon, and saw 3 of its levels.

You collected 188 gold pieces.

Inventory:

Hand Weapons
 a - a +0 shortbow (weapon)
 l - a +2 scythe of protection
Armour
 c - a +1 leather armour (worn)
 d - a +2 cloak (worn)
Jewellery
 j - a ring of protection from cold (left hand)
Scrolls
 f - 2 scrolls of teleportation
Potions
 b - a potion of ambrosia {unknown}
 e - 4 potions of flight
 g - a potion of haste {unknown}
 h - 2 potions of brilliance
 m - a potion of cancellation {unknown}


   Skills:
 + Level 3.9 Fighting
 + Level 5.0 Ranged Weapons
 - Level 3.1 Dodging
 * Level 4.3 Stealth


You had 5 spell levels left.
You didn't know any spells.
Your spell library contained the following spells:

 Spells                   Type           Power      Damage    Failure   Level
 Sandblast                Erth           0%         2d4       47%         1
 Passwall                 Tmut/Erth      0%         N/A       63%         2
 Hailstorm                Conj/Ice       0%         3d3       85%         3
 Ignite Poison            Fire/Tmut/Pois 0%         N/A       85%         3
 Kindle Blastsparks       Fire/Tloc/Air  0%         2d10      85%         3
 Stone Arrow              Conj/Erth      0%         3d7       85%         3
 Airstrike                Air            0%         2d(0-16)  99%         4
 Ice Form                 Ice/Tmut       0%         N/A       99%         4
 Summon Lightning Spire   Summ/Air       0%         N/A       99%         4
 Freezing Cloud           Conj/Ice/Air   0%         6-21      100%        5
 Lightning Bolt           Conj/Air       0%         1d11      100%        5
 Simulacrum               Ice/Necr       0%         N/A       100%        6


Dungeon Overview and Level Annotations

Branches:
Dungeon (3/15)

Altars:

Shops:
D:2 (

Annotations:
D:3 2 runed translucent doors


Innate Abilities, Weirdness & Mutations

You cannot be hasted, slowed, berserked, paralysed or teleported.
You can dig through walls and to a lower floor.
You have a pair of large antennae on your head. (SInv)
Your four strong arms can wield two-handed weapons with a shield.


Message History

The gnoll misses you.
A goblin comes into view. It is wielding a +0 club.
The gnoll closely misses you.
The gnoll hits you from afar with a +0 spear.
* * * LOW HITPOINT WARNING * * *
Fire: a) +0 shortbow
Press: ? - help, Q - select action, (/) - cycle Shift-Dir - straight line, f/p - gnoll
Aim: a gnoll, wielding a +0 flail (almost dead, 68% to hit)
You shoot an arrow. The arrow hits the gnoll.
You kill the gnoll!
The gnoll closely misses you. x2; The gnoll barely misses you.
Okay, then.
Okay, then.
It was a potion of flight.
You feel very buoyant.
You fly up into the air.
The gnoll hits you with a +0 club.
* * * LOW HITPOINT WARNING * * *
The gnoll barely misses you. The gnoll closely misses you.
As you read the scroll labelled GAECYE NEUDOUH, it crumbles to dust.
It is a scroll of identify.
h - 2 potions of brilliance The goblin hits you but does no damage.
The gnoll closely misses you. x3
Okay, then.
It was a potion of curing.
You feel better. The goblin hits you but does no damage.
The gnoll closely misses you. The gnoll barely misses you.
The gnoll hits you with a +0 club.
* * * LOW HITPOINT WARNING * * *
You feel better. The goblin hits you with a +0 club.
The gnoll hits you but does no damage.
The gnoll hits you from afar with a +0 spear.
* * * LOW HITPOINT WARNING * * *
The gnoll misses you.
You shoot an arrow.
The arrow hits the gnoll but does no damage.
The gnoll is lightly wounded.
The goblin closely misses you.
The gnoll hits you from afar with a +0 spear.
* * * LOW HITPOINT WARNING * * *
The gnoll hits you from afar with a +0 spear.
You die...

...#.# .# .#.#.## ### ?.#
.#....# #.######## ##...
.#..#.## #####........# ....#
.......###.....######†#.....#
..####.#...##### #.#.....#
..# #..(### ##.......# ..#
##...# #####†.......+ #.#
##..#....# #@)g.........+ #.#
#...####.##gg#g.###.##.?# #.#
#.#...##....##.## $.# .#
#.###.###.....## #.# #.# #
#.##..# ##.##......# ..
)..).## #.## .#### #.. .#.###
### #.# ...# ..##


You could see 3 gnolls and a goblin.

Vanquished Creatures
  Sigmund (D:2)
  Terence (D:1)
  A gnoll (D:3)
  3 adders (D:2)
  2 worms (D:2)
  A dart slug (D:1)
  An orc (D:3)
  5 ball pythons
  4 endoplasms
  3 giant cockroaches (D:1)
  2 goblins
  9 hobgoblins
  4 jackals (D:1)
  4 kobolds (D:1)
  4 quokkas
  2 bats
  3 frilled lizards
  8 rats
58 creatures vanquished.

Notes
Turn   | Place    | Note
-------+----------+-------------------------------------------
     0 | D:1      | purpskrrrp the Formicid Hunter began the quest for the Orb.
     0 | D:1      | Reached XP level 1. HP: 16/16 MP: 1/1
    78 | D:1      | Reached XP level 2. HP: 23/23 MP: 2/2
   238 | D:1      | Reached XP level 3. HP: 23/28 MP: 3/3
   639 | D:2      | Reached XP level 4. HP: 21/34 MP: 4/4
   874 | D:2      | Noticed Sigmund
   966 | D:2      | Noticed Terence
  1008 | D:1      | Killed Terence
  1009 | D:1      | Reached XP level 5. HP: 14/41 MP: 5/5
  1254 | D:2      | Found Ostrodofo's Antique Weapon Boutique.
  1511 | D:2      | Killed Sigmund
  1512 | D:2      | Reached skill level 5 in Ranged Weapons
  1512 | D:2      | Reached XP level 6. HP: 14/48 MP: 6/6
  1991 | D:3      | Found a large runed translucent door.
  1991 | D:3      | Found a large runed translucent door.
  2027 | D:3      | Slain by a gnoll

Illustrated notes

Levels and vault maps discovered:
D:1:      minmay_arrival_four_houses, layout_rooms
D:2:      layout_loops_ring, serial_shops, shop, uniq_sigmund, uniq_terence
D:3:      layout_rooms, tgw_trog, ebering_ghost_disaster_area

Skill      XL: |  1  2  3  4  5 |
---------------+----------------+-----
Dodging        | 2 3 |  3.1
Stealth        | 2 3 4 |  4.3
Fighting       | 3 |  3.9
Ranged Weapons | 5 |  5.0

Action                   |  1- 3 |  4- 6 || total
-------------------------+-------+-------++-------
Melee: Halberd           |       |     1 ||     1
 Fire: Shortbow          |    94 |   104 ||   198
  Use: Scroll            |     2 |     6 ||     8
       Potion            |       |     3 ||     3
Armor: Leather armour    |    23 |    17 ||    40
Dodge: Dodged            |    57 |    49 ||   106

Table legend: (Time is in decaauts)
 A = Elapsed time spent in this place.
 B = Non-inter-level travel time spent in this place.
 C = Inter-level travel time spent in this place.
 D = Time resting spent in this place.
 E = Time spent auto-exploring this place.
 F = Levels seen in this place.
 G = Mean time per level.
                   A        B        C        D        E       F      G
               +--------+--------+--------+--------+--------+-----+--------+
         Total |   2089 |   2035 |     54 |    264 |   1293 |   3 |  696.3 |
       Dungeon |   2089 |   2035 |     54 |    264 |   1293 |   3 |  696.3 |
               +--------+--------+--------+--------+--------+-----+--------+

Top non-repeatable levels by time:
     D:2: 1054 daAuts
     D:1: 858 daAuts
     D:3: 176 daAuts
